 Dungeon Sprint DCSS version 0.30.1-11-g7821555f0a (webtiles) character file.

Game seed: 13050373180295796363

4308 Heoruswealwe the Fighter (level 10, 0/104 HPs)
             Began as a Hill Orc Fighter on Dec 8, 2023.
             Was an Elder of the Shining One.
             Slain by a +4 scimitar of holy wrath (11 damage)
             ... in the Dungeon (Sprint V: "Ziggurat Sprint").
             The game lasted 00:13:07 (408 turns).

Heoruswealwe the Fighter (Hill Orc Fighter)          Turns: 408, Time: 00:13:09

Health: 0/104      AC: 34    Str: 36    XL:     10   Next: 32%
Magic:  10/10      EV:  3    Int:  8    God:    the Shining One [****..]
Gold:   0          SH: 30    Dex: 10    Spells: 9/9 levels left

rFire   + . .        a - +8 lance "Wyrmbane" {slay drac, rPois rF+ rC+ AC+3}
rCold   + . .        d - +18 shield of the Gong {Loud rN+ Will+ rCorr EV-5}
rNeg    + + +        c - +15 Maxwell's patent armour {-Cast -Tele rElec Will+ rCorr}
rPois   +            (no helmet)
rElec   +            (no cloak)
rCorr   +            (no gloves)
SInv    .            (no boots)
Will    ++...        (no amulet) Stlth
                     k - +6 ring of strength
HPRegen 0.37/turn    j - +6 ring of strength
MPRegen 0.12/turn

%: no teleportation, no spellcasting
@: glowing, studying Staves
A: no striking features
a: Renounce Religion, Divine Shield, Cleansing Flame


You were in the Dungeon.
You worshipped the Shining One.
The Shining One was greatly pleased with you.
You visited 1 branch

Inventory:

Hand Weapons
 a - the +8 lance "Wyrmbane" (weapon) {slay drac, rPois rF+ rC+ AC+3}
   (You found it in the Dungeon)

   AC:        It affects your AC (+3).
   rF:        It protects you from fire.
   rC:        It protects you from cold.
   rPois:     It protects you from poison.
 b - a +5 bardiche
 n - the +27 heavy crossbow "Sniper" {heavy, Acc+∞ SInv}
   (You found it in the Dungeon)

   Acc+∞: It never misses its target.
   SInv:      It lets you see invisible.
 o - the +7 great mace "Firestarter" {flame, immolate, rFlCloud rF++}
   (You found it in the Dungeon)

   rFlCloud:  It grants immunity to clouds of flame.
   rF:        It greatly protects you from fire.
Armour
 c - the +15 Maxwell's patent armour (worn) {-Cast -Tele rElec Will+ rCorr}
   (You found it in the Dungeon)

   rElec:     It insulates you from electricity.
   -Cast:     It prevents spellcasting.
   -Tele:     It prevents most forms of teleportation.
   rCorr:     It protects you from acid and corrosion.
   Will:      It increases your willpower.
 d - the +18 shield of the Gong (worn) {Loud rN+ Will+ rCorr EV-5}
   (You found it in the Dungeon)

   Loud:      It is deafeningly noisy when blocking attacks.
   EV:        It affects your evasion (-5).
   rN:        It protects you from negative energy.
   rCorr:     It protects you from acid and corrosion.
   Will:      It increases your willpower.
 l - a +5 crystal plate armour
 m - +5 gold dragon scales
Jewellery
 j - a +6 ring of strength (right hand)
 k - a +6 ring of strength (left hand)
 r - the ring of Zehy {Fly rPois rF+}
   (You found it in the Dungeon)

   [ring of flight]

   rF:        It protects you from fire.
   rPois:     It protects you from poison.
   Fly:       It grants you flight.
Wands
 h - a wand of mindburst (16)
 t - a wand of acid (7)
 u - a wand of iceblast (7)
 w - a wand of paralysis (9)
 x - a wand of flame (19)
Scrolls
 p - 5 scrolls of identify
 v - 4 scrolls of blinking
Potions
 e - 10 potions of curing
 f - 8 potions of heal wounds
 g - 6 potions of haste
 i - 3 potions of berserk rage
 q - 4 potions of resistance
 s - 6 potions of might


   Skills:
 + Level 14.7 Fighting
 + Level 13.3 Polearms
 + Level 13.5 Armour
 + Level 13.5 Shields


You had 9 spell levels left.
You didn't know any spells.
Your spell library contained the following spells:

 Spells                   Type           Power      Damage    Failure   Level
 Shock                    Conj/Air       0%         1d3       95%         1
 Swiftness                Air            0%         N/A       100%        3
 Airstrike                Air            0%         2d(0-16)  100%        4


Dungeon Overview and Level Annotations

Branches:
Dungeon (1/1)

Altars:
Ashenzari
Cheibriados
Dithmenos
Elyvilon
Fedhas
Gozag
Hepliaklqana
Kikubaaqudgha
Makhleb
Nemelex Xobeh
Okawaru
Qazlal
Ru
Sif Muna
Trog
Uskayaw
Vehumet
Wu Jian
Xom
Yredelemnul
Zin
The Shining One
Beogh
Jiyva
Lugonu

Annotations:
D 1 transporter


Message History

You block the deep elf knight's attack.
GONNNNG!
You block the +4 scimitar of holy wrath's attack.
BOUMMMMG!
The deep elf knight blocks your attack.
The deep elf knight is heavily wounded.
You block the +4 scimitar of holy wrath's attack.
GONNNNG!
You block the deep elf knight's attack.
PTOANNNG!
The deep elf knight blocks your attack.
The deep elf knight is heavily wounded.
The deep elf zephyrmancer casts a spell.
The deep elf zephyrmancer blinks!
You closely miss the deep elf knight.
The deep elf knight is heavily wounded.
You block the +4 scimitar of holy wrath's attack.
GONNNNG!
The deep elf knight casts a spell at you.
The shard of ice hits you! You partially resist.
You closely miss the deep elf knight.
The deep elf knight is heavily wounded.
The +4 scimitar of holy wrath hits you! You block the deep elf knight's attack.
BONNNG!
The deep elf knight blocks your attack.
The deep elf knight is heavily wounded.
You block the +4 scimitar of holy wrath's attack.
SHROANNG!
The deep elf knight gestures at you while chanting.
The lance of force hits you!!
* * * LOW HITPOINT WARNING * * *
You are knocked back by the lance of force.
You slam into the unnaturally hard rock wall!
You feel much better. The +4 scimitar of holy wrath hits you!
* * * LOW HITPOINT WARNING * * *
The deep elf knight gestures at you while chanting.
You block the shard of ice.
GONNNNG!
The +4 scimitar of holy wrath hits you!
You die...

▓..8©8..▓
▓..//:..▓
▓..|:)..▓
▓.......▓
▓..§...)▓
▓.......▓
▓..e....▓
▓.....)(▓
▓...©.e@▓
▓▓▓▓▓▓▓▓▓


You could see a deep elf knight (fast, invisible), a deep elf zephyrmancer and a
+4 scimitar of holy wrath.

Vanquished Creatures
  A deep elf knight (D)
  A deep elf pyromancer (D)
  A salamander (shapeshifter) (D)
  5 toenail golems (D)
  2 tarantellas (D)
  An air elemental (D)
  2 wolves (D)
  2 scorpions (D)
  2 jellies (D)
  An endoplasm (D)
  2 jackals (D)
20 creatures vanquished.

Vanquished Creatures (others)
  A deep elf pyromancer (D)
1 creature vanquished.

Grand Total: 21 creatures vanquished

Notes
Turn   | Place    | Note
-------+----------+-------------------------------------------
     0 | D        | Heoruswealwe the Hill Orc Fighter began the quest for the
                  | Orb.
     0 | D        | Reached XP level 1. HP: 19/19 MP: 1/1
     0 | D        | Found a shimmering blue altar of Sif Muna.
     0 | D        | Found a bloodstained altar of Trog.
     0 | D        | Found a sacrificial altar of Ru.
     0 | D        | Found a stormy altar of Qazlal.
     0 | D        | Found an iron altar of Okawaru.
    22 | D        | Found a blossoming altar of Fedhas.
    22 | D        | Found the +6 Majin-Bo {spellvamp, MP+6 Int+6}
    22 | D        | Found the +27 heavy crossbow "Sniper" {heavy, Acc+∞ SInv}
    22 | D        | Found the +10 dark maul {heavy}
    22 | D        | Found the +15 Maxwell's patent armour {-Cast -Tele rElec
                  | Will+ rCorr}
    22 | D        | Found the +18 shield of the Gong {Loud rN+ Will+ rCorr
                  | EV-5}
    22 | D        | Found the +16 obsidian axe {drain, demonic, Mesm Drain Fly
                  | SInv}
    22 | D        | Found the +7 great mace "Firestarter" {flame, immolate,
                  | rFlCloud rF++}
    22 | D        | Found the +6 shillelagh "Devastator" {shatter}
    22 | D        | Found the +11 plutonium sword {Contam Stlth-}
    22 | D        | Found the +8 lance "Wyrmbane" {slay drac, rPois rF+ rC+
                  | AC+3}
    22 | D        | Found the +9 sword of Zonguldrok {reap}
    22 | D        | Found the +13 scythe of Curses {drain, curses, Drain}
    22 | D        | Found the +9 sword of Power {lifebolt}
    22 | D        | Found the +7 mace of Variability {chaos, chaos arc}
    22 | D        | Found the +11 Singing Sword {sonic wave}
    22 | D        | Found the +8 storm bow {elec, penet}
    23 | D        | Found a transporter.
    23 | D        | Found a viscous altar of Jiyva.
    23 | D        | Found an ancient bone altar of Kikubaaqudgha.
    23 | D        | Found a hazy altar of Hepliaklqana.
    23 | D        | Found a corrupted altar of Lugonu.
    23 | D        | Found an opulent altar of Gozag.
    23 | D        | Found a burning altar of Makhleb.
    24 | D        | Found a sparkling altar of Nemelex Xobeh.
    55 | D        | Became a worshipper of the Shining One
   121 | D        | Reached skill level 5 in Fighting
   121 | D        | Reached skill level 5 in Armour
   121 | D        | Reached skill level 5 in Shields
   121 | D        | Reached XP level 2. HP: 30/30 MP: 2/2
   123 | D        | Entered arena 2.
   123 | D        | Noticed an air elemental
   123 | D        | Noticed a rime drake
   123 | D        | Found a transporter.
   123 | D        | Paralysed by an air elemental for 1 turns
   126 | D        | Paralysed by an air elemental for 1 turns
   131 | D        | Killed an air elemental
   132 | D        | Reached skill level 7 in Fighting
   132 | D        | Reached XP level 3. HP: 20/40 MP: 3/3
   132 | D        | Reached XP level 4. HP: 24/48 MP: 4/4
   132 | D        | Reached XP level 5. HP: 27/53 MP: 5/5
   134 | D        | a rime drake changed into an entropy weaver
   134 | D        | Noticed an entropy weaver (shapeshifter)
   137 | D        | an entropy weaver changed into a salamander
   137 | D        | Noticed a salamander (shapeshifter)
   146 | D        | Killed a salamander
   147 | D        | Reached skill level 10 in Fighting
   147 | D        | Reached XP level 6. HP: 38/66 MP: 6/6
   147 | D        | Reached XP level 7. HP: 41/72 MP: 7/7
   245 | D        | Got the ring of Zehy {Fly rPois rF+}
   248 | D        | Entered arena 3.
   248 | D        | Reached * piety under the Shining One
   248 | D        | Found a transporter.
   266 | D        | Entered arena 4.
   266 | D        | Found a transporter.
   289 | D        | Entered arena 5.
   289 | D        | Noticed a tarantella
   289 | D        | Reached ** piety under the Shining One
   289 | D        | Noticed a tarantella
   289 | D        | Found a transporter.
   295 | D        | Killed a tarantella
   296 | D        | Reached skill level 11 in Fighting
   296 | D        | Reached skill level 10 in Armour
   296 | D        | Reached skill level 10 in Shields
   296 | D        | Reached XP level 8. HP: 79/82 MP: 8/8
   299 | D        | Killed a tarantella
   300 | D        | Reached skill level 10 in Polearms
   329 | D        | Entered arena 6.
   329 | D        | Noticed a toenail golem
   329 | D        | Noticed a toenail golem
   329 | D        | Noticed a toenail golem
   329 | D        | Reached *** piety under the Shining One
   329 | D        | Noticed a toenail golem
   329 | D        | Noticed a toenail golem
   329 | D        | Found a transporter.
   337 | D        | Killed a toenail golem
   338 | D        | Reached skill level 12 in Fighting
   338 | D        | Reached XP level 9. HP: 87/90 MP: 9/9
   344 | D        | Killed a toenail golem
   348 | D        | Killed a toenail golem
   349 | D        | Reached skill level 13 in Fighting
   355 | D        | Killed a toenail golem
   361 | D        | Killed a toenail golem
   373 | D        | Entered arena 7.
   373 | D        | Noticed a deep elf knight
   373 | D        | Noticed a +4 scimitar of holy wrath
   373 | D        | Noticed a deep elf pyromancer
   373 | D        | Noticed a deep elf knight
   373 | D        | Reached **** piety under the Shining One
   373 | D        | Noticed a deep elf pyromancer
   373 | D        | Noticed a deep elf zephyrmancer
   374 | D        | Found a transporter.
   385 | D        | Killed a deep elf pyromancer
   386 | D        | Reached skill level 14 in Fighting
   386 | D        | Reached XP level 10. HP: 57/103 MP: 10/10
   390 | D        | Killed a deep elf pyromancer
   395 | D        | Killed a deep elf knight
   407 | D        | HP: 1/104 [deep elf knight/lance of force (32)]
   408 | D        | Slain by a +4 scimitar of holy wrath

Illustrated notes

Levels and vault maps discovered:
D:        sprint_v [room_start, room_1, room_2, room_3, room_4, room_5, room_6,
          room_7, room_8, room_9, room_10, room_11, room_12, room_13, room_14,
          room_15, room_16, room_17, room_18, room_19, room_20, room_21,
          room_22, room_23, room_24, room_25, room_26, room_27]

Skill      XL: |  1  2  3  4  5  6  7  8  9 10 |
---------------+-------------------------------+-----
Fighting       | 5 7 10 11 12 14 | 14.7
Polearms       | 4 6 8 9 11 12 13 | 13.3
Armour         | 5 7 9 10 11 13 | 13.5
Shields        | 5 7 9 10 11 13 | 13.5

Action                     |  1- 3 |  4- 6 |  7- 9 | 10-12 || total
---------------------------+-------+-------+-------+-------++-------
  Melee: Lance             |     8 |    15 |    73 |    21 ||   117
    Use: Potion            |     1 |       |       |     2 ||     3
 Armour: Plate armour      |    10 |     3 |    24 |     5 ||    42
  Dodge: Dodged            |     1 |       |     3 |       ||     4
  Block: Kite shield       |    13 |    13 |    81 |    30 ||   137
